 Dungeon Crawl Stone Soup version 0.18.1-8-gdd0e5ea (webtiles) character file.

6182 Chemotherapy the Basher (level 10, 0/88 HPs)
             Began as a Deep Dwarf Fighter on May 22, 2016.
             Was a Priest of Makhleb.
             Slain by a killer bee (5 damage)
             ... on level 9 of the Dungeon.
             The game lasted 00:18:40 (7888 turns).

Chemotherapy the Basher (Deep Dwarf Fighter)        Turns: 7888, Time: 00:18:41

Health: 0/88       AC: 13    Str: 21    XL:     10   Next: 60%
Magic:  12/12      EV:  8    Int:  9    God:    Makhleb [***...]
Gold:   646        SH: 11    Dex: 19    Spells: 0 memorised, 9 levels left

rFire  . . .     SeeInvis .     a - +2 flail
rCold  . . .     Gourm    +     u - +0 chain mail
rNeg   . . .     Faith    .     c - +0 shield
rPois  .         Spirit   .     (no helmet)
rElec  .         Dismiss  .     d - +2 cloak
rCorr  .         Reflect  .     (no gloves)
SustAt .         Harm     .     (no boots)
MR     +....                    s - amulet of the gourmand {Gourm, !d}
Stlth  ..........               y - ring of flight {+Fly, !d}
                                m - +5 ring of dexterity

@: lethally poisoned (0 -> 0), non-regenerating, somewhat resistant to hostile
enchantments, extremely unstealthy
A: damage resistance, recharge devices, sense surroundings 2, slow regeneration
3
a: Device Recharging, Minor Destruction, Lesser Servant of Makhleb, Renounce
Religion, Evoke Flight


You were on level 9 of the Dungeon.
You worshipped Makhleb.
Makhleb was most pleased with you.
You were very full.

You visited 3 branches of the dungeon, and saw 11 of its levels.
You also visited: Sewer.

You collected 756 gold pieces.
You spent 110 gold pieces at shops.

Inventory:

Hand Weapons
 a - a +2 flail (weapon)
Armour
 c - a +0 shield (worn)
 d - a +2 cloak (worn)
   (You found it on level 3 of the Dungeon)
 u - a +0 chain mail (worn)
   (You found it on level 3 of the Dungeon)
Jewellery
 b - an uncursed ring of sustain attributes
   (You took it off an orc on level 3 of the Dungeon)
 k - an uncursed amulet of magic regeneration
   (You found it on level 2 of the Dungeon)
 m - a +5 ring of dexterity (left hand)
   (You found it on level 2 of the Dungeon)
 s - an amulet of the gourmand (around neck) {Gourm, !d}
   (You found it on level 3 of the Dungeon)
 y - a ring of flight (right hand) {+Fly, !d}
   (You found it on level 6 of the Dungeon)
Wands
 e - a wand of heal wounds (6/9)
 g - a wand of lightning (2/15)
   (You took it off Ijyb on level 2 of the Dungeon)
 x - a wand of paralysis (1/24)
   (You found it on level 5 of the Dungeon)
 I - a wand of polymorph (4/24)
   (You found it on level 8 of the Dungeon)
Scrolls
 h - 8 scrolls of identify
 i - 5 scrolls of teleportation
 j - 2 scrolls of fog
 l - 6 scrolls of remove curse
 q - a scroll of amnesia
 v - a scroll of blinking {!r}
 w - 2 scrolls of fear
 E - 2 scrolls of immolation {!r}
 F - 3 scrolls of enchant armour
Potions
 p - 6 potions of curing
 r - 4 potions of flight
 z - a potion of might
 A - a potion of cure mutation {!q}
 B - a potion of haste
 C - a potion of agility
 J - a potion of lignification {unknown}
Comestibles
 f - 15 bread rations {@e1}
 n - 8 slices of pizza
 o - 11 fruits
 t - a meat ration {@e2}
 D - 2 beef jerkies
 G - 4 chunks of flesh {@w0}


   Skills:
 + Level 5.1 Fighting
 * Level 11.6 Maces & Flails
 + Level 6.0 Armour
 + Level 3.8 Dodging
 + Level 6.0 Shields
 + Level 5.8 Invocations
 + Level 6.0 Evocations


You had 9 spell levels left.
You didn't know any spells.

Dungeon Overview and Level Annotations

Branches:
Dungeon (9/15)             Temple (1/1) D:4            Lair (1/8) D:8
    Orc: D:9-12

Altars:
Ashenzari
Cheibriados
Dithmenos
Elyvilon
Fedhas
Gozag
Kikubaaqudgha
Makhleb
Nemelex Xobeh
Okawaru
Pakellas
Qazlal
Ru
Trog
Vehumet
Yredelemnul
Zin
The Shining One

Shops:
D:8 !   D:9 *


Innate Abilities, Weirdness & Mutations

You are resistant to damage.
You can recharge devices by infusing magical energy.
You passively map the area around you.
You do not regenerate naturally.


Message History

You block the killer bee's attack.
The killer bee stings you but does no damage.
You barely miss the killer bee. You block the killer bee's attack.
The killer bee barely misses you. You block the killer bee's attack.
You hit the killer bee. The killer bee barely misses you.
You block the killer bee's attack. x2
The killer bee stings you but does no damage.
Unknown command.
You miss the killer bee. You block the killer bee's attack.
The killer bee stings you but does no damage.
The killer bee barely misses you. You block the killer bee's attack.
You hit the killer bee. The killer bee stings you.
The killer bee barely misses you.
The killer bee stings you but does no damage. x2
You closely miss the killer bee.
The killer bee stings you but does no damage.
The killer bee stings you. The killer bee stings you!
You take 3 damage, and have 45/88 hp.
Your shield and chain mail prevent you from hitting the killer bee.
The killer bee stings you but does no damage.
You block the killer bee's attack.
The killer bee stings you but does no damage.
You sock the killer bee!
You kill the killer bee!
Makhleb accepts your kill. You block the killer bee's attack.
The killer bee stings you but does no damage.
The killer bee stings you!
You take 6 damage, and have 39/88 hp.
You closely miss the killer bee.
The killer bee stings you but does no damage. x2
You block the killer bee's attack.
You completely miss the killer bee. You block the killer bee's attack.
The killer bee stings you.
The killer bee stings you but does no damage. x2
You closely miss the killer bee. The killer bee closely misses you.
The killer bee stings you but does no damage.
You block the killer bee's attack.
Unknown command.
You barely miss the killer bee. You block the killer bee's attack.
The killer bee closely misses you. The killer bee stings you.
You are more poisoned.
The killer bee poisons you! The killer bee barely misses you.
You sock the killer bee! The killer bee stings you!
The killer bee stings you but does no damage.
The killer bee stings you.
You are more poisoned.
The killer bee poisons you! You block the killer bee's attack.
You take 5 damage, and have 34/88 hp.
You sock the killer bee!
You kill the killer bee!
Makhleb accepts your kill.
You feel better. The killer bee stings you. The killer bee stings you!
You are more poisoned.
The killer bee poisons you!
You take 1 damage, and have 33/88 hp.
You miss the killer bee.
You feel sick. You block the killer bee's attack.
The killer bee stings you but does no damage.
You take 2 damage, and have 31/88 hp.
You thump the killer bee!
You feel sick. You block the killer bee's attack.
You take 1 damage, and have 30/88 hp.
You closely miss the killer bee.
You feel sick. You block the killer bee's attack.
The killer bee stings you but does no damage.
You take 2 damage, and have 28/88 hp.
You miss the killer bee.
You feel sick. You block the killer bee's attack.
The killer bee stings you but does no damage.
You take 1 damage, and have 27/88 hp.
You closely miss the killer bee. You block the killer bee's attack.
The killer bee barely misses you.
You miss the killer bee. You block the killer bee's attack.
The killer bee completely misses you.
You barely miss the killer bee. The killer bee stings you.
You block the killer bee's attack.
You miss the killer bee. The killer bee stings you.
* * * LOW HITPOINT WARNING * * *
You are more poisoned.
The killer bee poisons you!
You take 2 damage, and have 25/88 hp.
You closely miss the killer bee.
You feel sick. The killer bee stings you.
* * * LOW HITPOINT WARNING * * *
You are more poisoned.
The killer bee poisons you!
The killer bee stings you but does no damage.
You take 7 damage, and have 18/88 hp.
You closely miss the killer bee.
You feel sick. You block the killer bee's attack.
You take 1 damage, and have 17/88 hp.
You closely miss the killer bee.
You feel sick. You block the killer bee's attack. The killer bee stings you!
* * * LOW HITPOINT WARNING * * *
You take 8 damage, and have 9/88 hp.
Your shield prevents you from hitting the killer bee.
You feel sick.
The killer bee stings you but does no damage.
You block the killer bee's attack.
You take 2 damage, and have 7/88 hp.
You miss the killer bee.
You feel sick. You block the killer bee's attack. The killer bee stings you!
You die...

, ......#
##........≈....⌠.⌠.≈
*##....###..####(...._...∩..≈
#..........##.(...≈....⌠.⌠.≈
*
##.....#..###.#...≈≈≈≈.....≈
,
#.....##.#..((###....≈≈≈≈≈≈≈
* #..........####
#.########## * #..#.<....##
#.# *,* **.####...### #.# *
,.........@# #.# ##.###.#y###
#.# * #..##.#cZ†###.# , ,
##....###.#...## * *
#######..##......# ,
.........###.#...# ,*, *
######..###.....#
##)....#..##### ,* *
####.))......#


You could see a centaur, a killer bee and a wasp zombie.

Vanquished Creatures
  A hydra (Lair:1)
  An ugly thing (D:6)
  Psyche (D:8)
  2 spiny frogs (Lair:1)
  A troll (D:7)
  Grinder (D:4)
  Sigmund (D:2)
  2 yaks (Lair:1)
  A hippogriff (D:7)
  A human (D:7)
  A basilisk (Lair:1)
  A hell hound (D:8)
  A wasp (D:8)
  2 ice beasts (D:5)
  A tengu (D:8)
  3 ogres
  2 centaurs
  4 giant frogs
  A scorpion (D:5)
  5 killer bees (D:9)
  The ghost of PoisonMushroom the Insei, a weakling DgTm (D:3)
  4 wights (D:6)
  4 howler monkeys
  2 centaur zombies
  A crimson imp (D:6)
  A giant frog zombie (D:6)
  A centaur skeleton (D:7)
  2 hounds
  2 orc priests
  A jelly (D:7)
  7 orc wizards
  2 iguanas
  Ijyb (D:2)
  A siren (Sewer)
  10 worker ants
  A merfolk avatar (Sewer)
  4 sheep (D:7)
  13 adders
  3 river rats (Sewer)
  A shadow imp (D:5)
  An ooze (D:1)
  An adder skeleton (D:5)
  3 worms
  A dart slug (D:1)
  12 giant geckos
  8 orcs
  2 ball pythons
  11 giant cockroaches
  7 goblins
  4 hobgoblins
  6 jackals
  A kobold (D:1)
  4 quokkas
  A bat (D:1)
  A giant gecko skeleton (D:4)
  A giant gecko zombie (D:5)
  9 giant newts
  A jackal skeleton (D:4)
  33 rats
202 creatures vanquished.

Notes
Turn   | Place    | Note
--------------------------------------------------------------
     0 | D:1      | Chemotherapy the Deep Dwarf Fighter began the quest for the Orb.
     0 | D:1      | Reached XP level 1. HP: 20/20 MP: 1/1
   133 | D:1      | Reached XP level 2. HP: 17/27 MP: 2/2
   411 | D:1      | Reached skill level 3 in Maces & Flails
  1076 | D:2      | Noticed Ijyb
  1083 | D:2      | Killed Ijyb
  1083 | D:2      | Reached skill level 4 in Maces & Flails
  1083 | D:2      | Reached XP level 3. HP: 23/33 MP: 3/3
  1170 | D:2      | Noticed Sigmund
  1189 | D:2      | HP: 4/33 [something (6)]
  1202 | D:2      | HP: 7/33 [something/puff of flame (8)]
  1213 | D:2      | Killed Sigmund
  1213 | D:2      | Reached skill level 5 in Maces & Flails
  1213 | D:2      | Reached XP level 4. HP: 15/40 MP: 4/4
  1213 | D:2      | Reached XP level 5. HP: 17/46 MP: 5/5
  1304 | D:2      | Reached skill level 6 in Maces & Flails
  1601 | D:3      | Noticed PoisonMushroom's ghost (weakling DgTm)
  1606 | D:3      | Killed PoisonMushroom's ghost
  1684 | D:3      | Reached XP level 6. HP: 42/55 MP: 5/5
  1752 | D:3      | Found a glowing drain.
  1781 | Sewer    | Entered a sewer
  2121 | Sewer    | Reached skill level 7 in Maces & Flails
  3104 | D:4      | Found a staircase to the Ecumenical Temple.
  3127 | Temple   | Entered the Ecumenical Temple
  3272 | Temple   | Became a worshipper of Makhleb the Destroyer
  3337 | D:4      | Noticed Grinder
  3574 | D:4      | Paralysed by Grinder for 5 turns
  3595 | D:4      | Killed Grinder
  3595 | D:4      | Reached skill level 8 in Maces & Flails
  3595 | D:4      | Reached XP level 7. HP: 21/61 MP: 6/6
  3613 | D:4      | Found an iron altar of Okawaru.
  3892 | D:5      | Entered Level 5 of the Dungeon
  3912 | D:5      | Reached skill level 9 in Maces & Flails
  3942 | D:5      | Reached XP level 8. HP: 41/68 MP: 7/7
  4000 | D:5      | Reached * piety under Makhleb
  4266 | D:5      | Found a snail-covered altar of Cheibriados.
  4473 | D:5      | Reached skill level 1 in Invocations
  4473 | D:5      | Reached skill level 1 in Evocations
  4700 | D:5      | Reached skill level 10 in Maces & Flails
  4722 | D:5      | Reached skill level 3 in Fighting
  4908 | D:6      | Noticed a brown ugly thing
  4922 | D:6      | Killed a brown ugly thing
  4922 | D:6      | Reached skill level 4 in Armour
  4922 | D:6      | Reached skill level 4 in Shields
  4922 | D:6      | Reached skill level 2 in Invocations
  4922 | D:6      | Reached skill level 2 in Evocations
  5117 | D:6      | Reached skill level 3 in Evocations
  5130 | D:6      | Reached skill level 3 in Invocations
  5130 | D:6      | Gained mutation: You passively map the area around you. [Deep Dwarf growth]
  5130 | D:6      | Reached XP level 9. HP: 32/76 MP: 10/10
  5135 | D:6      | Reached ** piety under Makhleb
  5144 | D:6      | HP: 19/76 [wight/enchanted halberd (3)]
  5411 | D:6      | Found a white marble altar of Elyvilon.
  5781 | D:7      | Found a shattered altar of Ashenzari.
  5781 | D:7      | Noticed a troll
  5789 | D:7      | Killed a troll
  5789 | D:7      | Reached skill level 4 in Evocations
  5872 | D:7      | Reached skill level 4 in Fighting
  5872 | D:7      | Reached skill level 5 in Shields
  5906 | D:7      | Found a glowing silver altar of Zin.
  6277 | D:7      | Reached skill level 5 in Armour
  6277 | D:7      | Reached skill level 4 in Invocations
  6331 | D:7      | Reached skill level 1 in Dodging
  6341 | D:7      | Reached skill level 11 in Maces & Flails
  6557 | D:8      | Noticed Psyche
  6566 | D:8      | Killed Psyche
  6566 | D:8      | Reached skill level 2 in Dodging
  6575 | D:8      | Found Joihonul's Distillery.
  6583 | D:8      | Bought a potion of heal wounds for 55 gold pieces
  6583 | D:8      | Bought a potion of heal wounds for 55 gold pieces
  6762 | D:8      | Reached *** piety under Makhleb
  6762 | D:8      | Reached skill level 5 in Evocations
  6767 | D:8      | Found a stormy altar of Qazlal.
  6902 | D:8      | Found a staircase to the Lair.
  6925 | D:8      | Reached XP level 10. HP: 83/87 MP: 12/12
  7341 | Lair:1   | Entered Level 1 of the Lair of Beasts
  7401 | Lair:1   | Noticed a six-headed hydra
  7415 | Lair:1   | HP: 19/87 [six-headed hydra (3)]
  7417 | Lair:1   | HP: 4/87 [six-headed hydra (9)]
  7419 | Lair:1   | Killed a six-headed hydra
  7419 | Lair:1   | Reached skill level 3 in Dodging
  7419 | Lair:1   | Reached skill level 5 in Invocations
  7485 | Lair:1   | Noticed a spiny frog
  7492 | Lair:1   | Killed a spiny frog
  7660 | Lair:1   | Noticed a spiny frog
  7674 | Lair:1   | HP: 13/87 [spiny frog (17)]
  7675 | Lair:1   | Killed a spiny frog
  7675 | Lair:1   | Reached skill level 5 in Fighting
  7729 | D:9      | Found an opulent altar of Gozag.
  7737 | D:9      | Reached skill level 6 in Shields
  7737 | D:9      | Reached skill level 6 in Evocations
  7741 | D:9      | Found Gozag's Platinum Reserve.
  7772 | D:9      | Found a glowing golden altar of the Shining One.
  7841 | D:9      | Reached skill level 6 in Armour
  7884 | D:9      | HP: 18/88 [killer bee (5)]
  7887 | D:9      | HP: 7/88 [poisoned by a killer bee]
  7888 | D:9      | Slain by a killer bee

Skill      XL: |  1  2  3  4  5  6  7  8  9 10 |
---------------+-------------------------------+-----
Maces & Flails | 4 5 6 8 9 10 11 | 11.6
Invocations    | 3 4 5 |  5.8
Evocations     | 3 5 6 |  6.0
Fighting       | 3 4 5 |  5.1
Armour         | 4 5 6 |  6.0
Shields        | 4 5 6 |  6.0
Dodging        | 2 3 |  3.8

Action                   |  1- 3 |  4- 6 |  7- 9 | 10-12 || total
-------------------------+-------+-------+-------+-------++-------
Melee: Flail             |    76 |   312 |   390 |   167 ||   945
 Abil: Device Recharging |       |     1 |       |     1 ||     2
Evoke: Wand              |     6 |     3 |    20 |     6 ||    35
  Use: Potion            |     3 |     4 |       |     3 ||    10
       Scroll            |       |     7 |    12 |     1 ||    20
 Stab: Paralysed         |       |       |    34 |     4 ||    38
  Eat: Chunk             |     1 |    12 |    16 |     3 ||    32
Armor: Scale mail        |    22 |   121 |       |       ||   143
       Chain mail        |       |    23 |   134 |    90 ||   247
Dodge: Dodged            |    22 |    83 |    67 |    64 ||   236
Block: Shield            |    24 |   155 |   156 |   123 ||   458

Vault maps used:
D:1:      dpeg_arrival_lava_altar
D:2:      grunt_ministairs_4, uniq_iyjb, uniq_sigmund
D:3:      gup_sewer_entry_pipe, first_bread, st_stairs_11
D:4:      okawaru_ov_weapons_minmay, minmay_temple_entry_statues, uniq_grinder
D:5:      slow_altar_1
D:6:      elyvilon_altar_3, kennysheep_generic_room_16
D:7:      overflow_temple_1_default, basic_altar, minmay_misc_feat_diagonals,
          grunt_livestock
D:8:      nicolae_qazlal_eye_of_the_storm, minmay_lair_entry_lava, serial_shops,
          shop, grunt_ministairs_2, uniq_psyche
D:9:      nicolae_gozag_zags_fifth_avenue, led_sif_pool,
          ashenzari_conservatory_becter, basic_altar, wad_mini_maze
Temple:   chambers_temple_12
Lair:1:   uniq_gastronok, uniq_grum
Sewer:    sewer_sea

Table legend:
 A = Turns spent in this place as a percentage of turns spent in the entire game.
 B = Non-inter-level travel turns spent in this place as a percentage of non-inter-level travel turns spent in the entire game.
 C = Inter-level travel turns spent in this place as a percentage of turns spent in this place.
 D = Turns resting spent in this place as a percentage of non-inter-level travel turns spent in this place.
 E = Turns spent auto-exploring this place as a percentage of non-inter-level travel turns spent in this place.
 F = Non-inter-level travel turns spent in this place divided by the number of levels of this place that you've seen.
                   A       B       C       D       E      F
               +-------+-------+-------+-------+-------+----------------------
         Total | 100.0 | 100.0 |   0.6 |   1.1 |   9.1 | 195.8
       Dungeon |  79.3 |  79.3 |   0.7 |   1.1 |   9.9 | 207.0
        Temple |   1.0 |   1.0 |   4.2 |   0.0 |  43.5 |  23.0
          Lair |   4.8 |   4.8 |   0.9 |   1.8 |   8.9 | 112.0
         Sewer |  14.9 |  15.0 |   0.0 |   1.1 |   2.8 | 352.0
               +-------+-------+-------+-------+-------+----------------------

Table legend:
 A = Kills in this place as a percentage of kills in entire the game.
 B = Kills by you in this place as a percentage of kills by you in the entire game.
 C = Kills by friends in this place as a percentage of kills by friends in the entire game.
 D = Other kills in this place as a percentage of other kills in the entire game.
 E = Experience gained in this place as a percentage of experience gained in the entire game.
 F = Experience gained in this place divided by the number of levels of this place that you have seen.
                   A       B       C       D       E      F
               +-------+-------+-------+-------+-------+----------------------
         Total | 100.0 | 100.0 |  -nan |  -nan | 100.0 | 736.0
       Dungeon |  75.7 |  75.7 |  -nan |  -nan |  69.7 | 684.1
          Lair |   3.5 |   3.5 |  -nan |  -nan |  28.3 | 2498.0
         Sewer |  20.8 |  20.8 |  -nan |  -nan |   2.0 | 177.0
               +-------+-------+-------+-------+-------+----------------------
